 Dungeon Crawl Stone Soup version 0.28.0-45-g0d030f2227 (webtiles) character file.

Game seed: 14160265041912448986

427 Ablot the Grasshopper (level 6, -5/51 HPs)
             Began as a Gnoll Warper on Apr 8, 2022.
             Slain by a sky beast (6 damage)
             ... on level 4 of the Dungeon.
             The game lasted 00:05:38 (5057 turns).

Ablot the Grasshopper (Gnoll Warper)                Turns: 5057, Time: 00:05:38

Health: -5/51      AC:  5    Str: 13    XL:     6   Next: 97%
Magic:  14/14      EV: 13    Int: 18    God:
Gold:   165        SH:  0    Dex: 11    Spells: 13/15 levels left

rFire   . . .      SeeInvis .   a - +0 spear
rCold   . . .      Faith    .   (no shield)
rNeg    + . .      Spirit   .   b - +0 leather armour
rPois   .          Reflect  .   x - +2 hat
rElec   .          Harm     .   (no cloak)
rCorr   .          Rampage  .   (no gloves)
Will    .....                   (no boots)
Stlth   ++........              (no amulet)
HPRegen 0.17/turn               o - +6 ring of intelligence
MPRegen 0.14/turn               t - ring of positive energy

@: no status effects
A: fangs 1, strong nose, distributed training
a: no special abilities


You were on level 4 of the Dungeon.
You visited 1 branch of the dungeon, and saw 5 of its levels.

You collected 178 gold pieces.
You spent 13 gold pieces at shops.

Inventory:

Hand Weapons
 a - a +0 spear (weapon)
 d - a +0 dagger of venom
Missiles
 e - 81 stones
 f - 47 arrows
 g - 13 poisoned darts (quivered)
 m - 5 boomerangs
 q - 5 boomerangs of dispersal
 r - 22 bolts
Armour
 b - a +0 leather armour (worn)
 x - a +2 hat (worn)
Magical Staves
 k - a staff of fire
Jewellery
 o - a +6 ring of intelligence (left hand)
 t - a ring of positive energy (right hand)
Scrolls
 c - a scroll of blinking
 j - 2 scrolls of teleportation {unknown}
 l - a scroll of immolation {unknown}
 n - 2 scrolls of identify {unknown}
 s - 2 scrolls of enchant weapon {unknown}
 u - a scroll of fear {unknown}
 v - a scroll of noise
 y - a scroll of vulnerability {unknown}
Potions
 h - a potion of haste {unknown}
 i - 2 potions of curing {unknown}
 p - 2 potions of mutation {unknown}
 w - a potion of heal wounds {unknown}


   Skills:
 + Level 5.1 Fighting
 + Level 2.2 Short Blades
 + Level 2.2 Long Blades
 + Level 2.2 Axes
 + Level 2.2 Maces & Flails
 + Level 5.1 Polearms
 + Level 2.2 Staves
 + Level 2.2 Slings
 + Level 2.2 Bows
 + Level 2.2 Crossbows
 + Level 3.4 Throwing
 + Level 3.4 Armour
 + Level 5.1 Dodging
 + Level 2.2 Stealth
 + Level 2.2 Shields
 + Level 2.2 Unarmed Combat
 + Level 5.4 Spellcasting
 + Level 1.7 Conjurations
 + Level 1.7 Hexes
 + Level 1.7 Summonings
 + Level 1.7 Necromancy
 + Level 5.7 Translocations
 + Level 1.7 Transmutations
 + Level 1.7 Fire Magic
 + Level 1.7 Ice Magic
 + Level 1.7 Air Magic
 + Level 1.7 Earth Magic
 + Level 1.7 Poison Magic
 + Level 2.4 Invocations
 + Level 2.2 Evocations


You had 13 spell levels left.
You knew the following spells:

 Your Spells              Type           Power      Damage    Failure   Level
a - Blink                 Tloc           50%        N/A       2%          2

Your spell library contained the following spells:

 Spells                   Type           Power      Damage    Failure   Level
 Gell's Gravitas          Tloc           25%        N/A       4%          3
 Lesser Beckoning         Tloc           25%        N/A       4%          3
 Teleport Other           Tloc           25%        N/A       4%          3
 Manifold Assault         Tloc           25%        N/A       38%         5


Dungeon Overview and Level Annotations

Branches:
Dungeon (5/15)
 Temple: D:4-7

Altars:
Fedhas
Makhleb
Nemelex Xobeh
Qazlal
Wu Jian

Shops:
D:3 *([[


Innate Abilities, Weirdness & Mutations

You have very sharp teeth.
Your uncanny sense of smell can sniff out nearby items.
Your experience applies equally to all skills.


Message History

The sky beast flickers out of sight!
Deactivating autopickup; reactivate with Ctrl-A.
Something hits you. Something shocks you.
A sky beast appears from thin air!
Reactivating autopickup.
The sky beast closely misses you.
You hit the sky beast.
The sky beast is heavily wounded.
The sky beast misses you.
You closely miss the sky beast.
The sky beast is heavily wounded.
The sky beast hits you but does no damage.
You closely miss the sky beast.
The sky beast is heavily wounded.
The sky beast barely misses you.
You hit the sky beast but do no damage.
You bite the sky beast, but do no damage.
The sky beast is heavily wounded.
You hit the sky beast. Your bite misses the sky beast.
The sky beast is severely wounded.
The sky beast hits you. The sky beast shocks you.
You hit the sky beast. Your bite misses the sky beast.
The sky beast is severely wounded.
The sky beast misses you.
You barely miss the sky beast.
The sky beast is severely wounded.
The sky beast hits you. The sky beast shocks you.
* * * LOW HITPOINT WARNING * * *
You barely miss the sky beast. Your bite misses the sky beast.
The sky beast is severely wounded.
The sky beast hits you.
* * * LOW HITPOINT WARNING * * *
The sky beast shocks you.
* * * LOW HITPOINT WARNING * * *
You hit the sky beast.
The sky beast is almost dead.
The sky beast hits you.
* * * LOW HITPOINT WARNING * * *
The sky beast shocks you.
You die...

).....##.......##........#....#..
......##.......#######...#....#..
...............##...##...#....#..
................+........#....#..
................#........'....#..
................#........#....#..
......##.......##........#....#..
......###########...##...#######.
................@...####รท##.#####
...............Y....#.......#....
###............##...##......#....
.##...##.......####+##......'....
......##.......##...##......###..
.##...##.......+....##......####'
.##...##.......#.............#...
###...#........##...##.......#...
.##...##.......##...##...#######.


You could see a sky beast.

Vanquished Creatures
  2 necrophages (D:4)
  2 orc priests (D:4)
  2 orc wizards (D:4)
  Robin (D:2)
  4 adders
  An adder skeleton (D:4)
  2 worms
  4 dart slugs
  8 orcs
  5 endoplasms
  5 giant cockroaches
  7 goblins (D:2)
  13 hobgoblins
  9 kobolds
  2 quokkas (D:1)
  6 ball pythons
  5 bats
  2 frilled lizards
  4 rats
84 creatures vanquished.

Notes
Turn   | Place    | Note
-------+----------+-------------------------------------------
     0 | D:1      | Ablot the Gnoll Warper began the quest for the Orb.
     0 | D:1      | Reached XP level 1. HP: 20/20 MP: 6/6
   245 | D:1      | Reached XP level 2. HP: 22/26 MP: 7/7
   248 | D:1      | Learned a level 2 spell: Blink
  1405 | D:2      | Reached skill level 5 in Spellcasting
  1405 | D:2      | Reached XP level 3. HP: 28/31 MP: 7/9
  1534 | D:2      | Noticed Robin
  1545 | D:2      | Reached skill level 1 in Invocations
  1566 | D:2      | Killed Robin
  1567 | D:2      | Reached skill level 1 in Short Blades
  1567 | D:2      | Reached skill level 1 in Long Blades
  1567 | D:2      | Reached skill level 1 in Axes
  1567 | D:2      | Reached skill level 1 in Maces & Flails
  1567 | D:2      | Reached skill level 1 in Staves
  1567 | D:2      | Reached skill level 1 in Slings
  1567 | D:2      | Reached skill level 1 in Bows
  1567 | D:2      | Reached skill level 1 in Crossbows
  1567 | D:2      | Reached skill level 1 in Stealth
  1567 | D:2      | Reached skill level 1 in Shields
  1567 | D:2      | Reached skill level 1 in Unarmed Combat
  1567 | D:2      | Reached skill level 1 in Evocations
  1684 | D:2      | Reached XP level 4. HP: 34/38 MP: 11/11
  1793 | D:2      | Found a faded altar of an unknown god.
  2228 | D:2      | Reached skill level 1 in Conjurations
  2228 | D:2      | Reached skill level 1 in Hexes
  2228 | D:2      | Reached skill level 1 in Summonings
  2228 | D:2      | Reached skill level 1 in Necromancy
  2228 | D:2      | Reached skill level 1 in Transmutations
  2228 | D:2      | Reached skill level 1 in Fire Magic
  2228 | D:2      | Reached skill level 1 in Ice Magic
  2228 | D:2      | Reached skill level 1 in Air Magic
  2228 | D:2      | Reached skill level 1 in Earth Magic
  2228 | D:2      | Reached skill level 1 in Poison Magic
  2476 | D:3      | Found an ornate altar of the Wu Jian Council.
  2577 | D:3      | Found Utyl's Armour Shoppe.
  2831 | D:3      | Found Nuwnorol's Antique Armour Emporium.
  2906 | D:3      | Found Mynim's Antique Weapon Boutique.
  2945 | D:3      | Found Kidghelext's General Store.
  2952 | D:3      | Bought a scroll of noise for 13 gold pieces
  3352 | D:4      | Reached XP level 5. HP: 43/43 MP: 12/12
  3435 | D:4      | Found a stormy altar of Qazlal.
  3741 | D:4      | Reached XP level 6. HP: 11/50 MP: 13/13
  3742 | D:4      | HP: 1/50 [orc/+0 falchion (4)]
  3760 | D:4      | HP: 2/50 [kobold/+0 dagger (2)]
  4342 | D:4      | Noticed a necrophage
  4367 | D:4      | Killed a necrophage
  4368 | D:4      | Reached skill level 5 in Fighting
  4368 | D:4      | Reached skill level 5 in Polearms
  4368 | D:4      | Reached skill level 5 in Dodging
  4547 | D:4      | Noticed a necrophage
  4557 | D:4      | Killed a necrophage
  4623 | D:4      | Found a burning altar of Makhleb.
  4703 | D:4      | Found a sparkling altar of Nemelex Xobeh.
  4862 | D:4      | Found a blossoming altar of Fedhas.
  4983 | D:5      | Entered Level 5 of the Dungeon
  4998 | D:5      | Noticed a sky beast
  5057 | D:4      | HP: 1/51 [sky beast (3)]
  5057 | D:4      | Slain by a sky beast

Illustrated notes

Levels and vault maps discovered:
D:1:      dpeg_arrival_three_same_balls, layout_basic, roderic_cross_of_infinity
D:2:      layout_loops_ring, hellmonk_ecumenical_altar_run_dry,
          kennysheep_cluttered_room, uniq_robin
D:3:      layout_basic, nicolae_wu_jian_immortal_techniques, serial_shops, shop,
          shop, shop, nicolae_shop_waterfront
D:4:      layout_gridville, nemelex_dance_club_becter,
          mainiacjoe_overflow_alcove_4, nicolae_qazlal_eye_of_the_storm,
          mainiacjoe_overflow_boulevard
D:5:      layout_loops_ring, gammafunk_ghost_arena, portal_sewer_entry_b

Skill      XL: |  1  2  3  4  5  6 |
---------------+-------------------+-----
Spellcasting   | 5 |  5.4
Invocations    | 1 2 |  2.4
Short Blades   | 1 2 |  2.2
Long Blades    | 1 2 |  2.2
Axes           | 1 2 |  2.2
Maces & Flails | 1 2 |  2.2
Staves         | 1 2 |  2.2
Slings         | 1 2 |  2.2
Bows           | 1 2 |  2.2
Crossbows      | 1 2 |  2.2
Stealth        | 1 2 |  2.2
Shields        | 1 2 |  2.2
Unarmed Combat | 1 2 |  2.2
Evocations     | 1 2 |  2.2
Conjurations   | 1 |  1.7
Hexes          | 1 |  1.7
Summonings     | 1 |  1.7
Necromancy     | 1 |  1.7
Transmutations | 1 |  1.7
Fire Magic     | 1 |  1.7
Ice Magic      | 1 |  1.7
Air Magic      | 1 |  1.7
Earth Magic    | 1 |  1.7
Poison Magic   | 1 |  1.7
Throwing       | 3 |  3.4
Armour         | 3 |  3.4
Fighting       | 5 |  5.1
Polearms       | 5 |  5.1
Dodging        | 5 |  5.1
Translocations | |  5.7

Action                   |  1- 3 |  4- 6 || total
-------------------------+-------+-------++-------
Melee: Spear             |   122 |   160 ||   282
       Bite              |     5 |    30 ||    35
       Punch             |     2 |     5 ||     7
       Dagger            |       |    88 ||    88
Throw: Dart              |       |     2 ||     2
       Boomerang         |       |     1 ||     1
 Stab: Sleeping          |     1 |     5 ||     6
Armor: Leather armour    |     7 |    49 ||    56
Dodge: Dodged            |    50 |   114 ||   164
